 Dungeon Crawl Stone Soup version 0.30-a0-1094-g860fb061e7 (webtiles) character file.

Game seed: 10645296295424582043

394 lunkers the Carver (level 7, -6/57 HPs)
             Began as a Meteoran Fighter on Apr 17, 2023.
             Was a Believer of Nemelex Xobeh.
             Mangled by an orc warrior
             ... wielding a +0 mace
              (12 damage)
             ... on level 5 of the Dungeon.
             The game lasted 00:05:46 (1776 turns).

lunkers the Carver (Meteoran Fighter)               Turns: 1776, Time: 00:05:47

Health: -6/57      AC:  8    Str: 17    XL:     7   Next: 30%
Magic:  8/8        EV: 10    Int:  9    God:    Nemelex Xobeh [**....]
Gold:   134        SH:  5    Dex: 17    Spells: 6/6 levels left

rFire   . . .      SeeInvis .    a - +0 long sword
rCold   . . .      Faith    .    c - +0 buckler
rNeg    . . .      Spirit   .    p - +2 leather armour {rPois}
rPois   +          Reflect  .    j - +0 helmet
rElec   .          Rampage  .    e - +0 cloak
rCorr   .                        (no gloves)
Will    .....                    h - +0 pair of boots
Stlth   +                        (no amulet)
HPRegen 0.29/turn                (no ring)
MPRegen 0.11/turn                (no ring)

@: mighty, glowing
A: sense surroundings 1, otherworldly, glowing, explore regen
a: Renounce Religion, Draw Escape, Draw Destruction, Draw Summoning


You were on level 5 of the Dungeon.
You worshipped Nemelex Xobeh.
Nemelex Xobeh was pleased with you.
You visited 1 branch of the dungeon, and saw 5 of its levels.

You collected 134 gold pieces.

Inventory:

Hand Weapons
 a - a +0 long sword (weapon)
 s - a +4 quarterstaff of chaos
Armour
 c - a +0 buckler (worn)
 e - a +0 cloak (worn)
 h - a +0 pair of boots (worn)
 j - a +0 helmet (worn)
 p - a +2 leather armour of poison resistance (worn)
Wands
 o - a wand of light (2)
 u - a wand of digging (4)
 x - a wand of flame (10)
Scrolls
 b - a scroll of amnesia {unknown}
 g - 3 scrolls of poison {unknown}
 k - 2 scrolls of vulnerability {unknown}
 n - 2 scrolls of blinking {unknown}
 q - 2 scrolls of identify {unknown}
 t - 2 scrolls of brand weapon {unknown}
 w - a scroll of magic mapping {unknown}
Potions
 f - 2 potions of curing {unknown}
 i - a potion of flight {unknown}
 l - a potion of invisibility {unknown}
 m - 2 potions of resistance {unknown}
 r - a potion of magic {unknown}
 v - a potion of brilliance {unknown}


   Skills:
 - Level 3.2 Fighting
 + Level 8.5 Long Blades
 - Level 3.6 Armour
 - Level 3.6 Shields


You had 6 spell levels left.
You didn't know any spells.
Your spell library contained the following spells:

 Spells                   Type           Power      Damage    Failure   Level
 Foxfire                  Conj/Fire      0%         2x1d4     54%         1
 Fireball                 Conj/Fire      0%         3d3       100%        5
 Plasma Beam              Fire/Air       0%         2x1d11    100%        6
 Starburst                Conj/Fire      0%         6d3       100%        6


Dungeon Overview and Level Annotations

Branches:
Dungeon (5/15) Zot: 1186   Temple (0/1) D:4

Altars:
Nemelex Xobeh
Wu Jian


Innate Abilities, Weirdness & Mutations

You passively map a small area around you.
You are easily found by Zot.
You glow in the dark.
You regain HP and MP as you explore.


Message History

Deactivating autopickup; reactivate with Ctrl-A.
The orc closely misses you.
Unknown command.
Something hits you.
* * * LOW HITPOINT WARNING * * *
You closely miss something. Something hits you but does no damage.
The orc hits you but does no damage.
You closely miss something. Something hits you but does no damage.
The orc hits you but does no damage.
You feel very mighty all of a sudden. Something hits you but does no damage.
The orc hits you but does no damage.
Unknown command.
You hit something.
Reactivating autopickup.
You feel a bit more experienced. You block the orc's attack.
The orc barely misses you.
Things that are here:
a +0 dagger; a +0 robe You barely miss the orc.
The orc priest looks encouraged for a moment.
You block the orc's attack.
You barely miss the orc.
The orc priest mumbles some strange prayers to Beogh against you.
Beogh smites you!
* * * LOW HITPOINT WARNING * * *
The orc hits you with a +0 trident!
* * * LOW HITPOINT WARNING * * *
You barely miss the orc. The orc hits you but does no damage.
You slash the orc!
You kill the orc!
You barely miss the orc. The orc hits you but does no damage.
You barely miss the orc. The orc barely misses you.
You closely miss the orc. You block the orc's attack.
You closely miss the orc. You block the orc's attack.
You slice the orc!!
You kill the orc!
You hit the orc warrior but do no damage.
The orc warrior hits you with a +0 mace!
You die...
Your body disappears without additional glow.

##.#### * * #...... * , ,,
##..### , *### # ###..# ,
..#.# #####....# *
..#.#####.#.###.....##.# ,
#.#.#....o....#....##*.#
#.#.#.###o# #.#....###.#
#.#.....#@# #..........# ,
*
###.#...#.#.#.#####.######
* * #.#.#...#.#.#.#
##.#### #.......#...#.#
##.....#
#.......#.#.#.###..†...#
#.#.#####.#.#.#........#
#.#†# #.#.#.#.##.....#
#.#.#####.#.#.#.##.....#
#.#...#...#.....##.....#


You could see an orc warrior and an orc priest.

Vanquished Creatures
  A scorpion (D:5)
  A gnoll bouda (D:3)
  Crazy Yiuf (D:3)
  Jessica (D:2)
  An orc wizard (D:5)
  Ijyb (D:3)
  Natasha (D:3)
  7 adders
  4 gnolls (D:3)
  A worm (D:3)
  2 dart slugs
  4 orcs
  6 endoplasms
  4 giant cockroaches
  3 goblins
  5 hobgoblins
  6 jackals
  4 kobolds
  3 quokkas (D:2)
  8 ball pythons
  2 bats (D:2)
  2 frilled lizards (D:1)
  3 rats
71 creatures vanquished.

Vanquished Creatures (others)
  A frilled lizard (D:3)
1 creature vanquished.

Grand Total: 72 creatures vanquished

Notes
Turn   | Place    | Note
-------+----------+-------------------------------------------
     0 | D:1      | lunkers the Meteoran Fighter began the quest for the Orb.
     0 | D:1      | Reached XP level 1. HP: 19/19 MP: 2/2
   115 | D:1      | Reached skill level 3 in Long Blades
   115 | D:1      | Reached XP level 2. HP: 18/26 MP: 3/3
   211 | D:1      | Reached XP level 3. HP: 31/31 MP: 4/4
   365 | D:2      | Reached skill level 4 in Long Blades
   384 | D:2      | Found a faded altar of an unknown god.
   389 | D:2      | Prayed at the altar of an unknown god.
   389 | D:2      | Became a worshipper of Nemelex Xobeh the Trickster
   389 | D:2      | Reached * piety under Nemelex Xobeh
   397 | D:2      | Received a gift from Nemelex Xobeh
   448 | D:2      | Noticed Jessica
   454 | D:2      | Killed Jessica
   455 | D:2      | Reached skill level 5 in Long Blades
   455 | D:2      | Reached XP level 4. HP: 38/38 MP: 5/5
   787 | D:3      | Reached XP level 5. HP: 44/45 MP: 6/6
   829 | D:3      | Noticed Ijyb
   842 | D:3      | Killed Ijyb
   843 | D:3      | Reached skill level 6 in Long Blades
   873 | D:3      | Found an ornate altar of the Wu Jian Council.
   912 | D:3      | Found a runed translucent door.
   913 | D:3      | Noticed Crazy Yiuf
  1009 | D:3      | HP: 1/45 [Crazy Yiuf/+4 quarterstaff of chaos (12)]
  1010 | D:3      | Killed Crazy Yiuf
  1100 | D:2      | Reached ** piety under Nemelex Xobeh
  1174 | D:3      | Reached XP level 6. HP: 43/51 MP: 7/7
  1181 | D:3      | Reached skill level 7 in Long Blades
  1226 | D:3      | Noticed Natasha
  1229 | D:3      | Killed Natasha
  1397 | D:4      | Found a staircase to the Ecumenical Temple.
  1397 | D:4      | Received a gift from Nemelex Xobeh
  1569 | D:4      | You fall into a shaft and drop 1 floor!
  1569 | D:5      | Entered Level 5 of the Dungeon
  1676 | D:5      | Reached skill level 8 in Long Blades
  1676 | D:5      | Reached XP level 7. HP: 25/57 MP: 8/8
  1776 | D:5      | Mangled by an orc warrior

Illustrated notes

Levels and vault maps discovered:
D:1:      dpeg_arrival_radiant, layout_rooms, nicolae_figureground_sparkle
D:2:      layout_loops_ring, dreamdust_ecumenical_altar_statues,
          grunt_ministairs_12, uniq_jessica
D:3:      layout_rooms, minitemple, minmay_shallow_snake_nest, uniq_ijyb,
          uniq_crazy_yiuf_cottage, uniq_natasha
D:4:      layout_basic, minmay_temple_entry_waves
D:5:      kennysheep_kobold_camp, layout_basic

Skill      XL: |  1  2  3  4  5  6 |
---------------+-------------------+-----
Long Blades    | 3 5 6 8 |  8.5
Fighting       | |  3.2
Armour         | |  3.6
Shields        | |  3.6

Action                     |  1- 3 |  4- 6 |  7- 9 || total
---------------------------+-------+-------+-------++-------
  Melee: Long sword        |    71 |   165 |    30 ||   266
 Invoke: Draw Destruction  |       |     1 |       ||     1
    Use: Potion            |       |     2 |     1 ||     3
 Armour: Scale mail        |    52 |    23 |       ||    75
         Leather armour    |       |    51 |    15 ||    66
  Dodge: Dodged            |    33 |    77 |     7 ||   117
  Block: Buckler           |    31 |    46 |    10 ||    87

Table legend: (Time is in decaauts)
 A = Elapsed time spent in this place.
 B = Non-inter-level travel time spent in this place.
 C = Inter-level travel time spent in this place.
 D = Time resting spent in this place.
 E = Time spent auto-exploring this place.
 F = Levels seen in this place.
 G = Mean time per level.
                   A        B        C        D        E       F      G
               +--------+--------+--------+--------+--------+-----+--------+
         Total |   1812 |   1667 |    145 |      0 |   1017 |   5 |  362.4 |
       Dungeon |   1812 |   1667 |    145 |      0 |   1017 |   5 |  362.4 |
               +--------+--------+--------+--------+--------+-----+--------+

Top non-repeatable levels by time:
     D:2: 523 daAuts
     D:3: 458 daAuts
     D:1: 365 daAuts
     D:4: 257 daAuts
     D:5: 208 daAuts
